 Dungeon Crawl Stone Soup version 0.29.0-5-ge4962eb29e (webtiles) character file.

Game seed: 13546078710624400289

868 Revguard the Purveyor of Pain (level 7, -7/51 HPs)
             Began as a Mummy Necromancer on Aug 29, 2022.
             Was an Initiate of Kikubaaqudgha.
             Killed from afar by an orc wizard (12 damage)
             ... with a puff of flame
             ... on level 6 of the Dungeon.
             The game lasted 00:21:28 (5745 turns).

Revguard the Purveyor of Pain (Mummy Necromancer)   Turns: 5745, Time: 00:21:29

Health: -7/51      AC:  5    Str: 11    XL:     7   Next: 73%
Magic:  7/13       EV: 12    Int: 17    God:    Kikubaaqudgha [......]
Gold:   301        SH:  0    Dex: 12    Spells: 3/14 levels left

rFire   x . .      SeeInvis +   k - +3 mace (drain)
rCold   + . .      Faith    .   (no shield)
rNeg    + + +      Spirit   .   a - +0 robe
rPois   ∞          Reflect  .   h - +0 helmet
rElec   .          Harm     .   g - +0 cloak
rCorr   .          Rampage  .   (no gloves)
Will    .....                   l - +0 pair of boots
Stlth   ++........              (no amulet)
HPRegen 0.17/turn               o - ring of see invisible
MPRegen 0.13/turn               d - ring of wizardry

@: animating dead
A: cold resistance 1, negative energy resistance 3, torment resistance 2, heat
vulnerability 1, in touch with death 1, no potions
a: Renounce Religion


You were on level 6 of the Dungeon.
You worshipped Kikubaaqudgha.
Kikubaaqudgha was noncommittal.
You visited 2 branches of the dungeon, and saw 7 of its levels.

You collected 301 gold pieces.

Inventory:

Hand Weapons
 k - a +3 mace of draining (weapon)
Armour
 a - a +0 robe (worn)
 g - a +0 cloak (worn)
 h - a +0 helmet (worn)
 l - a +0 pair of boots (worn)
Jewellery
 d - a ring of wizardry (right hand)
 f - a +6 ring of strength
 n - a +6 ring of dexterity
 o - a ring of see invisible (left hand)
Wands
 b - a wand of roots (12)
 m - a wand of flame (9)
Scrolls
 c - 4 scrolls of butterflies
 e - 4 scrolls of identify
 i - a scroll of fear
 j - 2 scrolls of magic mapping


   Skills:
 + Level 2.9 Fighting
 + Level 2.3 Staves
 + Level 2.9 Dodging
 + Level 3.2 Stealth
 + Level 4.4 Spellcasting
 + Level 2.0 Conjurations
 + Level 5.0 Necromancy
 + Level 2.2 Earth Magic


You had 3 spell levels left.
You knew the following spells:

 Your Spells              Type           Power      Damage    Failure   Level
a - Necrotise             Necr           100%       1d9       1%          1
b - Vampiric Draining     Necr           31%        2d8       2%          3
c - Stone Arrow           Conj/Erth      22%        3d8       8%          3
d - Animate Dead          Necr           31%        N/A       8%          4

Your spell library contained the following spells:

 Spells                   Type           Power      Damage    Failure   Level
 Slow                     Hex            12%        N/A       6%          1
 Summon Small Mammal      Summ           12%        N/A       6%          1
 Call Canine Familiar     Summ           3%         N/A       17%         3
 Confusing Touch          Hex            3%         N/A       17%         3
 Frozen Ramparts          Ice            6%         1d1       17%         3
 Portal Projectile        Hex/Tloc       6%         N/A       17%         3
 Summon Guardian Golem    Hex/Summ       3%         N/A       17%         3
 Tukima's Dance           Hex            3%         N/A       17%         3
 Agony                    Necr           31%        N/A       21%         5
 Animate Armour           Summ/Erth      14%        N/A       34%         4
 Borgnjor's Vile Clutch   Necr/Erth      12%        N/A       34%         5
 Alistair's Intoxication  Tmut/Pois      2%         N/A       82%         5
 Dispersal                Tloc           1%         N/A       100%        6
 Eringya's Noxious Bog    Tmut/Pois      1%         N/A       100%        6
 Disjunction              Tloc           1%         N/A       100%        8
 Lehudib's Crystal Spear  Conj/Erth      5%         10d3      100%        8
 Blade Hands              Tmut           Unusable   N/A       N/A         5

Dungeon Overview and Level Annotations

Branches:
Dungeon (6/15)             Temple (1/1) D:6

Altars:
Ashenzari
Fedhas
Gozag
Hepliaklqana
Kikubaaqudgha
Makhleb
Nemelex Xobeh
Okawaru
Qazlal
Ru
Sif Muna
Uskayaw
Xom
Yredelemnul

Annotations:
D:6 1 runed translucent door


Innate Abilities, Weirdness & Mutations

You are immune to poison.
Your flesh is cold resistant. (rC+)
You are immune to negative energy. (rN+++)
You are immune to unholy pain and torment.
You are vulnerable to heat. (rF-)
You are in touch with the powers of death.
You do not drink.


Message History

Found an opulent altar of Gozag.
Found a broken altar of Ashenzari.
There is an ancient bone altar of Kikubaaqudgha here.
You kneel at the altar of Kikubaaqudgha.
Kikubaaqudgha welcomes you!
(D) Dungeon (T) Temple
Where to? (Enter - D:6, ? - help)
There is a fountain of clear blue water here.
There is a staircase back to the Dungeon here.
You climb upwards.
Welcome back to the Dungeon!
There is a staircase to the Ecumenical Temple here.
There is an open door here.
An orc wizard comes into view. It is wielding a +0 dagger.
The orc priest mumbles some strange prayers to Beogh against you.
Beogh smites you!
Found a runed translucent door.
The orc warrior shouts!
The orc wizard shouts!
Aiming: Necrotise (safe; 1% risk of failure)
Press: ? - help, Q - select action, (/) - cycle Shift-Dir - straight line, f - orc wizard
Aim: an orc wizard, wielding a +0 dagger and wearing a +0 robe (chance to affect: 83%)
You feel a surge of power!
The orc wizard writhes in agony.
Casting: Necrotise (safe; 1% risk of failure)
Confirm with . or Enter, or press ? or * to list all spells.
You feel a surge of power!
You call upon the dead to rise.
The orc wizard hits you with a +0 dagger.
The orc warrior hits you with a +0 long sword!
Aiming: Necrotise (safe; 1% risk of failure)
Press: ? - help, Q - select action, (/) - cycle Shift-Dir - straight line, f/p - orc wizard
Aim: an orc wizard, wielding a +0 dagger and wearing a +0 robe (moderately wounded, chance to affect: 83%)
You feel a surge of power!
The orc wizard writhes in agony!
The orc priest calls down the wrath of Beogh upon you.
Beogh smites you!
* * * LOW HITPOINT WARNING * * *
The orc warrior hits you with a +0 long sword.
* * * LOW HITPOINT WARNING * * *
The orc wizard barely misses you.
The orc wizard gestures at you while chanting.
The puff of flame hits you! The fire burns you terribly!
You die...
Kikubaaqudgha rasps: "You have failed me!
Welcome... oblivion!"

#........###+###
.#.#
#........#.....#
.. #
#..!.....#.⌠.⌠.#
..
#........'..>..+
#........#.⌠.⌠.#
##########.....#
###'### #..#
#@#### #.o..#
#o...# #.o.>#
#?..<.. #....###
#....# #..###
#..+~F


You could see an orc warrior, an orc priest and an orc wizard.

Vanquished Creatures
  A black bear (D:4)
  2 ice beasts
  A phantom (D:5)
  3 scorpions
  3 hounds
  Jessica (D:2)
  12 adders
  An ufetubus (D:5)
  A worm (D:4)
  A dart slug (D:4)
  5 orcs
  2 ball pythons
  3 bats
  3 endoplasms
  4 giant cockroaches
  6 goblins
  9 hobgoblins
  6 quokkas
  3 frilled lizards
  3 kobolds (D:1)
  3 rats
73 creatures vanquished.

Vanquished Creatures (collateral kills)
  A howler monkey (D:5)
  An adder (D:4)
  2 orcs
  An endoplasm (D:2)
  A goblin (D:3)
  A rat (D:2)
7 creatures vanquished.

Grand Total: 80 creatures vanquished

Notes
Turn   | Place    | Note
-------+----------+-------------------------------------------
     0 | D:1      | Revguard the Mummy Necromancer began the quest for the Orb.
     0 | D:1      | Reached XP level 1. HP: 13/13 MP: 4/4
   283 | D:1      | Reached XP level 2. HP: 20/20 MP: 2/5
   893 | D:1      | Found a faded altar of an unknown god.
  1293 | D:2      | HP: 1/20 [worm (4)]
  1703 | D:2      | Noticed Jessica
  1718 | D:2      | Killed Jessica
  1719 | D:2      | Reached skill level 1 in Fighting
  1719 | D:2      | Gained mutation: You are in touch with the powers of death.
                  | [Mummy growth]
  1719 | D:2      | Reached XP level 3. HP: 6/26 MP: 0/7
  1733 | D:2      | Learned a level 3 spell: Vampiric Draining
  1737 | D:2      | Learned a level 3 spell: Stone Arrow
  2236 | D:2      | Reached XP level 4. HP: 24/32 MP: 0/8
  2359 | D:2      | Reached skill level 1 in Staves
  2901 | D:3      | Got the Parchment of Freezing Transposition
  2942 | D:3      | Reached skill level 1 in Earth Magic
  3149 | D:3      | Reached XP level 5. HP: 37/37 MP: 7/10
  3562 | D:4      | Noticed a black bear
  3567 | D:4      | Reached skill level 1 in Conjurations
  3583 | D:4      | Killed a black bear
  3584 | D:4      | Reached XP level 6. HP: 4/44 MP: 1/11
  4040 | D:4      | Found a blossoming altar of Fedhas.
  4505 | D:4      | Noticed an ice beast
  4515 | D:4      | Killed an ice beast
  4516 | D:4      | Reached XP level 7. HP: 47/50 MP: 1/13
  4761 | D:5      | Entered Level 5 of the Dungeon
  5010 | D:5      | Learned a level 4 spell: Animate Dead
  5214 | D:5      | Reached skill level 5 in Necromancy
  5639 | D:6      | Found a staircase to the Ecumenical Temple.
  5654 | Temple   | Entered the Ecumenical Temple
  5719 | Temple   | Became a worshipper of Kikubaaqudgha
  5741 | D:6      | Found a runed translucent door.
  5745 | D:6      | Killed from afar by an orc wizard

Illustrated notes

Levels and vault maps discovered:
D:1:      evilmike_arrival_hilbert_curve, layout_loops_ring,
          ebering_ecumenical_altar_webs, minivault_24, grunt_decor_arrowhead
D:2:      layout_basic, minmay_strange_pillars, uniq_jessica
D:3:      layout_basic
D:4:      layout_basic, lemuel_round_altar, serial_glass, glass_columns_a,
          glass_columns_c, glass_columns_a, glass_columns_a, glass_columns_a,
          glass_columns_a, glass_columns_a, glass_columns_b
D:5:      layout_rooms
D:6:      layout_rooms, tso_altar, minmay_temple_entry_hall,
          ebering_ghost_sewer_d, minmay_joined_circles
Temple:   compressed_dpeg_circular_temple

Skill      XL: |  1  2  3  4  5  6  7 |
---------------+----------------------+-----
Fighting       | 1 2 |  2.9
Stealth        | 2 3 |  3.2
Spellcasting   | 3 4 |  4.4
Dodging        | 2 |  2.9
Staves         | 1 2 |  2.3
Earth Magic    | 1 2 |  2.2
Conjurations   | 1 2 |  2.0
Necromancy     | 5 |  5.0

Action                   |  1- 3 |  4- 6 |  7- 9 || total
-------------------------+-------+-------+-------++-------
Melee: Unarmed           |    24 |       |       ||    24
       Punch             |     1 |       |       ||     1
       Club              |     2 |    34 |     6 ||    42
       Mace              |       |       |    32 ||    32
 Cast: Necrotise         |    77 |    66 |    22 ||   165
       Vampiric Draining |       |     6 |       ||     6
       Stone Arrow       |       |     1 |       ||     1
       Animate Dead      |       |       |     1 ||     1
Evoke: Wand              |       |     2 |       ||     2
  Use: Scroll            |     2 |     2 |     1 ||     5
 Stab: Sleeping          |       |     1 |       ||     1
Armor: Robe              |     8 |    24 |    17 ||    49
Dodge: Dodged            |    27 |    53 |    37 ||   117
